 Dungeon Crawl Stone Soup version 0.29.1-1-gd02db6906a (webtiles) character file.

Game seed: 16539316050618044304

64 Earthwalker the Firebug (level 3, -1/26 HPs)
             Began as a Demigod Fire Elementalist on Oct 4, 2022.
             Slain by a gnoll
             ... wielding a +0 flail
              (13 damage)
             ... on level 1 of the Dungeon.
             The game lasted 00:10:24 (1640 turns).

Earthwalker the Firebug (Demigod Fire Elementalist) Turns: 1640, Time: 00:10:25

Health: -1/26      AC:  2    Str:  9    XL:     3   Next: 64%
Magic:  8/9        EV: 12    Int: 21    God:
Gold:   50         SH:  0    Dex: 14    Spells: 5/6 levels left

rFire   . . .      SeeInvis .   (no weapon)
rCold   . . .      Faith    .   (no shield)
rNeg    . . .      Spirit   .   a - +0 robe
rPois   .          Reflect  .   (no helmet)
rElec   .          Harm     .   (no cloak)
rCorr   .          Rampage  .   (no gloves)
Will    .....                   (no boots)
Stlth   ++........              (no amulet)
HPRegen 0.08/turn               (no ring)
MPRegen 0.11/turn               (no ring)

@: no status effects
A: high MP 1, forlorn, divine attributes
a: no special abilities


You were on level 1 of the Dungeon.
You visited 1 branch of the dungeon, and saw 2 of its levels.

You collected 50 gold pieces.

Inventory:

Missiles
 d - 2 stones
Armour
 a - a +0 robe (worn)
 c - a +0 ring mail
Jewellery
 j - a +4 ring of protection
Scrolls
 g - a scroll of teleportation
Potions
 b - a potion of magic
 e - a potion of ambrosia {unknown}
 f - a potion of haste {unknown}
 h - a potion of might {unknown}
 i - a potion of flight {unknown}


   Skills:
 + Level 1.9 Dodging
 + Level 1.9 Stealth
 + Level 2.3 Spellcasting
 + Level 2.0 Conjurations
 + Level 3.4 Fire Magic


You had 5 spell levels left.
You knew the following spells:

 Your Spells              Type           Power      Damage    Failure   Level
a - Foxfire               Conj/Fire      52%        2x1d6     4%          1

Your spell library contained the following spells:

 Spells                   Type           Power      Damage    Failure   Level
 Scorch                   Fire           32%        2d6       5%          2
 Conjure Flame            Conj/Fire      13%        6-21      14%         3
 Inner Flame              Hex/Fire       9%         N/A       22%         3
 Flame Wave               Conj/Fire      13%        2d6       43%         4


Dungeon Overview and Level Annotations

Branches:
Dungeon (2/15)


Innate Abilities, Weirdness & Mutations

You have an increased reservoir of magic. (+10% MP)
You shall have no god before yourself.
Your divine heritage dramatically boosts your attributes as you level up.


Message History

The adder barely misses you.
Casting: Foxfire (safe; 4% risk of failure)
Confirm with . or Enter, or press ? or * to list all spells.
You conjure some foxfire!
The adder barely misses you. The adder misses you.
Your foxfire dissipates!
The foxfire hits the adder.
The adder is severely wounded.
You see here a ball python corpse.
The adder bites you but does no damage. The adder bites you.
The adder attacks as you move away! The adder bites you.
The adder attacks as you move away! The adder bites you.
The adder bites you but does no damage.
There is a stone staircase leading up here.
The adder bites you.
You climb upwards.
There is a stone staircase leading down here.
Casting: Foxfire (safe; 4% risk of failure)
Confirm with . or Enter, or press ? or * to list all spells.
You conjure some foxfire!
The adder barely misses you. x2
The foxfire hits the adder.
You kill the adder!
Your Conjurations skill increases to level 2!
You start resting.
Magic restored.
There is a stone staircase leading down here.
You climb downwards.
The gnoll hits you with a +0 flail.
There is a stone staircase leading up here.
The gnoll barely misses you.
You climb upwards.
There is a stone staircase leading down here.
Casting: Foxfire (safe; 4% risk of failure)
Confirm with . or Enter, or press ? or * to list all spells.
You conjure some foxfire!
The gnoll hits you with a +0 flail.
Your foxfire dissipates!
The foxfire hits the gnoll.
The gnoll is moderately wounded.
The gnoll attacks as you move away! The gnoll hits you with a +0 flail!
Ouch! That really hurt!
You die...

#...##...##...##...##.##....÷..÷
##........##........##.##.....[..
.#'......####......)##.#########'
..##################...#....# #.
...............#####...#....####'
.#...#.###.#.........###....#....
.#...#.÷.....#.#.###'###....#....
.#...#.#.....#.#§...........#....
.#...#.#.#.....g@.........###....
.#...#.#.....#.##.........# #....
.#...#.#.....#.##.........# ####'
.#...#.#.....#.##.........# #.
.#...#.#.....#.##.........# #.
.#...#.#.....#.##.........# #.
.#...#.#.....#.##.........# #.
.#...#.##....#.##.........# #.
.#...#.......#.##.........# #.


You could see a gnoll.

Vanquished Creatures
  2 adders
  A gnoll (D:2)
  A worm (D:2)
  A dart slug (D:1)
  3 ball pythons
  3 endoplasms (D:1)
  A goblin (D:1)
  2 hobgoblins (D:1)
  4 jackals
  5 quokkas (D:1)
  2 bats (D:2)
  6 rats
31 creatures vanquished.

Vanquished Creatures (others)
  104 foxfires
104 creatures vanquished.

Grand Total: 135 creatures vanquished

Notes
Turn   | Place    | Note
-------+----------+-------------------------------------------
     0 | D:1      | Earthwalker the Demigod Fire Elementalist began the quest
                  | for the Orb.
     0 | D:1      | Reached XP level 1. HP: 14/14 MP: 5/5
   225 | D:1      | Reached skill level 3 in Fire Magic
   560 | D:1      | Reached XP level 2. HP: 16/20 MP: 1/7
   744 | D:1      | Reached skill level 1 in Conjurations
  1403 | D:2      | Reached XP level 3. HP: 26/26 MP: 2/9
  1640 | D:1      | Slain by a gnoll

Illustrated notes

Levels and vault maps discovered:
D:1:      minmay_arrival_four_loops, layout_basic, minmay_pentomino_z2
D:2:      layout_basic, basic_altar, serial_corexii_hall,
          corexii_hall_statues_u, corexii_hall_statues_deadend,
          corexii_hall_statues_l, uniq_crazy_yiuf_cottage, uniq_natasha,
          uniq_robin

Skill      XL: |  1  2  3 |
---------------+----------+-----
Fire Magic     | 3 |  3.4
Spellcasting   | 2 |  2.3
Conjurations   | 1 2 |  2.0
Dodging        | |  1.9
Stealth        | |  1.9

Action                   || total
-------------------------++-------
Melee: Unarmed           ||     6
 Cast: Foxfire           ||    67
  Use: Scroll            ||     3
Armor: Robe              ||     7
Dodge: Dodged            ||    13
